 Dungeon Sprint DCSS version 0.24-a0-388-gb57f36d6e0 (webtiles) character file.

Game seed: 1990084370489062405

5156 Groucho the Unseen (level 10, -5/44 HPs)
             Began as a Spriggan Enchanter on June 4, 2019.
             Was the Champion of Dithmenos.
             Slain by a minotaur (30 damage)
             ... in the Dungeon (Sprint VII: "The Pits").
             The game lasted 00:16:11 (3424 turns).

Groucho the Unseen (Spriggan Enchanter)             Turns: 3424, Time: 00:16:12

Health: -5/44      AC:  5    Str:  7    XL:     10   Next: 33%
Magic:  18/28      EV: 30    Int: 18    God:    Dithmenos [******]
Gold:   0          SH:  0    Dex: 19    Spells: 26/35 levels left

rFire    . . .     SeeInvis +   a - +2 dagger
rCold    . . .     Gourm    .   (shield restricted)
rNeg     . . .     Faith    .   b - +0 robe
rPois    .         Spirit   .   (helmet restricted)
rElec    .         Reflect  .   (no cloak)
rCorr    .         Harm     .   (gloves unavailable)
MR       +....     NoTele   +   (boots unavailable)
Stlth    ++++++++++             (no amulet)
HPRegen  0.14/turn              o - +3 ring of protection
MPRegen  0.21/turn              p - +3 ring of dexterity

@: slowed, wreathed by umbra, quick
A: very small, unfitting armour, see invisible, herbivore, speed 3, slow
metabolism 2
a: Shadow Step, Shadow Form, Renounce Religion


You were in the Dungeon.
You worshipped Dithmenos.
Dithmenos was exalted by your worship.
You were not hungry.

You visited 1 branch

Inventory:

Hand Weapons
 a - a +2 dagger (weapon)
 u - a +2 rapier of venom
 v - a +5 demon trident
Missiles
 n - 8 stones (quivered)
Armour
 b - a +0 robe (worn)
Jewellery
 o - a +3 ring of protection (left hand)
 p - a +3 ring of dexterity (right hand)
Scrolls
 j - a scroll of blinking
 k - 3 scrolls of remove curse
 l - 5 scrolls of amnesia
 m - a scroll of summoning
Potions
 c - 2 potions of invisibility
 e - 5 potions of curing
 f - 6 potions of heal wounds
 g - 2 potions of haste
 h - 4 potions of magic
 i - 3 potions of berserk rage
 q - a potion of resistance
 r - 3 potions of brilliance
 s - 3 potions of mutation
 t - a potion of might
Comestibles
 d - 8 rations


   Skills:
 + Level 9.6 Short Blades
 + Level 12.4 Dodging
 - Level 15.6 Stealth
 + Level 13.4 Spellcasting
 + Level 7.9 Conjurations
 + Level 13.6 Hexes


You had 26 spell levels left.
You knew the following spells:

 Your Spells              Type           Power        Failure   Level  Hunger
a - Corona                Hex            ######.      1%          1    None
b - Ensorcelled Hibernat  Hex/Ice        #####.       1%          2    None
c - Confuse               Hex            ######..     1%          3    None
d - Dazzling Spray        Conj/Hex       ######       1%          3    None

Your spell library contained the following spells:

 Spells                   Type           Power        Failure   Level  Hunger
 Tukima's Dance           Hex            ######..     1%          3    None


Dungeon Overview and Level Annotations

Branches:
Dungeon (1/1)

Altars:
Ashenzari
Cheibriados
Dithmenos
Elyvilon
Fedhas
Gozag
Hepliaklqana
Kikubaaqudgha
Makhleb
Nemelex Xobeh
Okawaru
Qazlal
Ru
Sif Muna
Trog
Uskayaw
Vehumet
Wu Jian
Xom
Yredelemnul
Zin
The Shining One
Beogh
Jiyva
Lugonu


Innate Abilities, Weirdness & Mutations

You are very small and have problems with some larger weapons.
You are too small for most types of armour.
You have supernaturally acute eyesight. (SInv)
You are a herbivore.
You cover ground extremely quickly.
You need to consume almost no food.


Message History

Aim: a minotaur, wearing a +0 chain mail (black smoke, umbra, chance to defeat MR: 13%)
The minotaur resists with almost no effort.
The minotaur misses you. The minotaur gores you.
Casting: Confuse (safe; 1% risk of failure)
Confirm with . or Enter, or press ? or * to list all spells.
Aiming: Dazzling Spray (safe; 1% risk of failure)
Press: ? - help, Shift-Dir - straight line, f/p - minotaur
Aim: a minotaur, wearing a +0 chain mail (black smoke, umbra)
The spray of energy misses the minotaur.
The spray of energy hits the killer bee!
The killer bee is heavily wounded.
The killer bee is dazzled.
Your shadow mimicks your spell!
The shadow shard hits the minotaur!
The minotaur barely misses you. The minotaur gores you!
You emit a cloud of dark smoke.
The minotaur barely misses you. The minotaur gores you!
* * * LOW HITPOINT WARNING * * *
You feel much better. The minotaur hits you!!
Ouch! That really hurt!
You die...

.....+ .....# .....#
###### # ########
##### #
#......###...## #
#..#'#.......§§##
##. ##)##..†..#§§§#
# ##.).##...###@§#
####.....##.## ##H#
.##......#...#(#§§§#
.))).....'...'.+...+
.##......#.(.#.#...#
####...).##.##.##.##
##o##...## ..# ..#
##So##.## .o..#


yy# # #.)#'#...s..y..## You could see a minotaur.

Vanquished Creatures
  Urug (D)
  A deep troll (D)
  A flayed ghost (D)
  An orc sorcerer (D)
  A molten gargoyle (D)
  A gargoyle (D)
  A kobold demonologist (D)
  An efreet (D)
  A rime drake (D)
  A guardian mummy (D)
  A hornet (D)
  A hippogriff (D)
  2 redbacks (D)
  A basilisk (D)
  A neqoxec (D)
  A vampire mosquito (D)
  An ogre (D)
  An orc warrior (D)
  Blork the orc (D)
  A jelly (D)
  A quasit (D)
  A hound (D)
  4 orc priests (D)
  An orc wizard (D)
  A gnoll (D)
  An ooze (D)
  2 leopard geckos (D)
  8 orcs (D)
  2 ball pythons (D)
  2 giant cockroaches (D)
  2 jackals (D)
  A quokka (D)
  A bat (D)
  2 kobolds (D)
  2 rats (D)
52 creatures vanquished.

Vanquished Creatures (others)
  A greater mummy (D)
  Boris (D)
  2 pearl dragons (D)
  A Tzitzimitl (D)
  An electric golem (D)
  A lich (D)
  2 titans (D)
  2 deep elf blademasters (D)
  A quicksilver dragon (D)
  2 shadow dragons (D)
  A draconian scorcher (D)
  2 ghost moths (D)
  An angel (D)
  A death knight (D)
  A deep troll shaman (D)
  2 necromancers (D)
  A moth of wrath (D)
  A hellion (D)
  A tormentor (D)
  A floating eye (D)
  2 mummies (D)
28 creatures vanquished.

Grand Total: 80 creatures vanquished

Notes
Turn   | Place    | Note
-------+----------+-------------------------------------------
     0 | D        | Groucho the Spriggan Enchanter began the quest for the Orb.
     0 | D        | Reached XP level 1. HP: 9/9 MP: 5/5
    17 | D        | Reached skill level 5 in Stealth
    80 | D        | Killed a lich
    88 | D        | Killed a ghost moth
   106 | D        | Killed a deep elf blademaster
   227 | D        | Killed an electric golem
   235 | D        | Found a bloodstained altar of Trog.
   235 | D        | Found a deep blue altar of Sif Muna.
   235 | D        | Found a viscous altar of Jiyva.
   235 | D        | Found a hazy altar of Hepliaklqana.
   235 | D        | Found an opulent altar of Gozag.
   236 | D        | Found a glowing golden altar of the Shining One.
   236 | D        | Found a glowing silver altar of Zin.
   236 | D        | Found a basalt altar of Yredelemnul.
   236 | D        | Found a shimmering altar of Xom.
   236 | D        | Found an ornate altar of the Wu Jian Council.
   236 | D        | Found a sacrificial altar of Ru.
   236 | D        | Found a stormy altar of Qazlal.
   236 | D        | Found an iron altar of Okawaru.
   236 | D        | Found a sparkling altar of Nemelex Xobeh.
   236 | D        | Found a burning altar of Makhleb.
   236 | D        | Found a blossoming altar of Fedhas.
   236 | D        | Found a white marble altar of Elyvilon.
   236 | D        | Found a shadowy altar of Dithmenos.
   236 | D        | Found a snail-covered altar of Cheibriados.
   240 | D        | Found a radiant altar of Vehumet.
   240 | D        | Found a corrupted altar of Lugonu.
   240 | D        | Found a roughly hewn altar of Beogh.
   241 | D        | Found a hide-covered altar of Uskayaw.
   241 | D        | Found an ancient bone altar of Kikubaaqudgha.
   241 | D        | Found a shattered altar of Ashenzari.
   262 | D        | Became a worshipper of Dithmenos the Shadowed
   288 | D        | Reached * piety under Dithmenos
   288 | D        | Reached skill level 6 in Stealth
   295 | D        | Killed Boris
   345 | D        | Killed a titan
   490 | D        | Killed a necromancer
   496 | D        | Killed a necromancer
   548 | D        | Reached XP level 2. HP: 9/13 MP: 7/7
   555 | D        | Killed a titan
   575 | D        | Killed a ghost moth
   641 | D        | Killed a tormentor
   844 | D        | Learned a level 2 spell: Ensorcelled Hibernation
   846 | D        | Noticed Blork the orc
   898 | D        | Killed a black draconian scorcher
  1019 | D        | Reached ** piety under Dithmenos
  1019 | D        | Reached skill level 7 in Stealth
  1027 | D        | Killed Blork the orc
  1027 | D        | Reached skill level 10 in Stealth
  1027 | D        | Reached skill level 5 in Spellcasting
  1027 | D        | Reached XP level 3. HP: 16/16 MP: 3/11
  1027 | D        | Reached XP level 4. HP: 21/21 MP: 3/12
  1099 | D        | Learned a level 3 spell: Confuse
  1103 | D        | Learned a level 3 spell: Dazzling Spray
  1124 | D        | Reached *** piety under Dithmenos
  1198 | D        | Reached skill level 11 in Stealth
  1389 | D        | Reached **** piety under Dithmenos
  1391 | D        | Noticed a vampire mosquito
  1401 | D        | Killed a vampire mosquito
  1401 | D        | Reached skill level 13 in Stealth
  1401 | D        | Reached XP level 5. HP: 21/24 MP: 8/15
  1403 | D        | Noticed an ogre
  1410 | D        | Killed an ogre
  1410 | D        | Reached ***** piety under Dithmenos
  1410 | D        | Reached XP level 6. HP: 26/28 MP: 5/18
  1417 | D        | HP: 1/28 [orc priest/nerve-wracking pain (14)]
  1420 | D        | Reached skill level 14 in Stealth
  1517 | D        | Killed a floating eye
  1639 | D        | Killed a pearl dragon
  1683 | D        | Noticed a kobold demonologist
  1684 | D        | Noticed a basilisk
  1704 | D        | Killed a kobold demonologist
  1704 | D        | Reached skill level 15 in Stealth
  1704 | D        | Reached XP level 7. HP: 31/32 MP: 13/20
  1736 | D        | Killed a Tzitzimitl
  1738 | D        | Killed a basilisk
  1738 | D        | Reached skill level 10 in Hexes
  2005 | D        | Killed a shadow dragon
  2086 | D        | Noticed a hornet
  2089 | D        | Noticed a deep troll
  2120 | D        | Killed a hornet
  2120 | D        | Reached skill level 5 in Dodging
  2120 | D        | Reached skill level 10 in Spellcasting
  2213 | D        | Killed a deep troll
  2213 | D        | Reached skill level 5 in Short Blades
  2213 | D        | Reached skill level 5 in Conjurations
  2213 | D        | Reached XP level 8. HP: 22/36 MP: 15/23
  2371 | D        | Killed a death knight
  2551 | D        | Noticed a rime drake
  2551 | D        | Noticed a flayed ghost
  2551 | D        | Noticed a hippogriff
  2551 | D        | Noticed a molten gargoyle
  2551 | D        | Noticed a gargoyle
  2573 | D        | Killed a molten gargoyle
  2579 | D        | Killed a moth of wrath
  2585 | D        | Killed a quicksilver dragon
  2598 | D        | Killed a deep troll shaman
  2648 | D        | Killed a shadow dragon
  2663 | D        | Killed a hellion
  2740 | D        | Killed a deep elf blademaster
  2742 | D        | Killed a gargoyle
  2742 | D        | Reached XP level 9. HP: 37/39 MP: 21/25
  2769 | D        | Killed a rime drake
  2778 | D        | Killed a pearl dragon
  2781 | D        | Reached ****** piety under Dithmenos
  2951 | D        | Killed a flayed ghost
  2951 | D        | Reached skill level 10 in Dodging
  2976 | D        | Noticed an orc sorcerer
  2976 | D        | Noticed a manticore
  2977 | D        | Noticed an orc knight
  2977 | D        | Noticed a black mamba
  2978 | D        | Killed an orc sorcerer
  3004 | D        | Noticed Urug
  3058 | D        | Killed Urug
  3058 | D        | Reached XP level 10. HP: 44/44 MP: 23/27
  3119 | D        | Killed a greater mummy
  3298 | D        | Killed an angel
  3414 | D        | Noticed a minotaur
  3424 | D        | Slain by a minotaur

Levels and vault maps discovered:
D:        pitsprint [storerooms_1, entrance_room_1, metal_vault_3, armoury_3,
          mini_pit_1, grid_room_1, main_hall_1, silver_pit, the_coven_2,
          the_vestibule_1, steel_vault_3, golden_pit, hallway_of_sentries,
          crystal_vault_1, iron_vault_4, final_vault]

Skill      XL: |  1  2  3  4  5  6  7  8  9 10 |
---------------+-------------------------------+-----
Stealth        | 6 10 13 15 | 15.6
Spellcasting   | 3 5 7 8 9 10 11 12 13 | 13.4
Hexes          | 4 6 7 8 9 11 13 | 13.6
Conjurations   | 2 4 5 6 7 |  7.9
Short Blades   | 5 6 8 9 |  9.6
Dodging        | 7 9 11 12 | 12.4

Action                   |  1- 3 |  4- 6 |  7- 9 | 10-12 || total
-------------------------+-------+-------+-------+-------++-------
Melee: Dagger            |    37 |    34 |    53 |     9 ||   133
Throw: Stone             |     4 |     2 |     4 |       ||    10
 Cast: Ensorcelled Hiber |     5 |     9 |    13 |     6 ||    33
       Confuse           |       |     3 |    10 |     1 ||    14
       Dazzling Spray    |       |       |       |     1 ||     1
Invok: Shadow Step       |       |     1 |     2 |     2 ||     5
  Use: Potion            |       |     2 |       |     1 ||     3
 Stab: Sleeping          |     5 |     7 |    12 |     9 ||    33
       Confused          |       |     3 |    11 |       ||    14
  Eat: Ration            |       |       |     1 |       ||     1
Armor: Robe              |     2 |     1 |     2 |       ||     5
Dodge: Dodged            |    37 |    28 |    27 |     7 ||    99

Table legend:
 A = Non-vault XP
 B = Vault XP
 C = Vault XP percentage of total XP
 D = Non-vault monster count
 E = Vault monster count
 F = Vault count percentage of total count
                 A         B        C        D         E       F
            +---------+---------+-------+---------+---------+-------
      Total |       0 |    7367 | 100.0 |       0 |      52 | 100.0
            +---------+---------+-------+---------+---------+-------
          D |       0 |    7367 | 100.0 |       0 |      52 | 100.0
            +---------+---------+-------+---------+---------+-------
